 Dungeon Crawl Stone Soup version 0.20-a0-351-gc9b4002 (webtiles) character file.

16933 xodi the Bludgeoner (level 12, -1/112 HPs)
             Began as a Minotaur Monk on Dec 26, 2016.
             Was the Champion of Okawaru.
             Slain by a jumping spider (3 damage)
             ... on level 1 of the Spider Nest.
             The game lasted 00:33:56 (11568 turns).

xodi the Bludgeoner (Minotaur Monk)                Turns: 11568, Time: 00:34:00

Health: -1/112     AC:  8    Str: 25    XL:     12   Next: 14%
Magic:  6/11       EV:  7    Int:  8    God:    Okawaru [******]
Gold:   915        SH:  0    Dex: 15    Spells: 11/11 levels left

rFire  + . .     SeeInvis .     Z - +6 demon whip (pain)
rCold  + . .     Gourm    .     S - +2 scale mail {rF+}
rNeg   . . .     Faith    .     B - +1 buckler {rPois}
rPois  +         Spirit   .     (helmet restricted)
rElec  +         Reflect  .     v - +0 cloak
rCorr  .         Harm     .     x - +1 pair of gloves of Beogh's Pride {rElec rPois Str+7}
MR     .....                    i - +0 pair of boots
Stlth  +.........               (no amulet)
                                a - ring of ice
                                b - ring of protection from fire

@: lethally poisoned (-1 -> -24), finesse, corroded, held
A: retaliatory headbutt, horns 2
a: Heroism, Finesse, Renounce Religion


You were on level 1 of the Spider Nest.
You worshipped Okawaru.
Okawaru was exalted by your worship.
You were not hungry.

You visited 3 branches of the dungeon, and saw 14 of its levels.
You also visited: Sewer.

You collected 915 gold pieces.

Inventory:

Hand Weapons
 w - a +4 mace of protection
 F - a +0 morningstar of draining
 Z - a +6 demon whip of pain (weapon)
Missiles
 P - 5 silver javelins (quivered)
Armour
 i - a +0 pair of boots (worn)
 u - +0 steam dragon scales
 v - a +0 cloak (worn)
 x - the +1 pair of gloves of Beogh's Pride (worn) {rElec rPois Str+7}
   (You found it on level 4 of the Dungeon)

   It affects your strength (+7).
   It insulates you from electricity.
   It protects you from poison.
 B - a +1 buckler of poison resistance (worn)
 K - a +0 hat
 R - the +5 robe of Night {Dark MR+ SInv}
   (You found it on level 9 of the Dungeon)

   It affects your resistance to hostile enchantments.
   It lets you see invisible.
 S - a +2 scale mail of fire resistance (worn)
Jewellery
 a - a ring of ice (right hand)
 b - a ring of protection from fire (left hand)
Wands
 o - a wand of iceblast (2/15)
 y - a wand of enslavement (21/24)
 C - a wand of digging (12/24)
 L - a wand of paralysis (15/24)
Scrolls
 e - 6 scrolls of remove curse
 f - 3 scrolls of fear {unknown}
 g - 8 scrolls of teleportation
 j - a scroll of immolation
 l - 16 scrolls of identify {unknown}
 m - 3 scrolls of blinking {unknown}
 q - 4 scrolls of fog {unknown}
 r - 2 scrolls of recharging {unknown}
 A - 5 scrolls of amnesia
 M - a scroll of holy word {unknown}
 O - 2 scrolls of enchant armour {unknown}
 X - a scroll of enchant weapon
Potions
 h - a potion of mutation {unknown}
 n - 4 potions of agility
 s - 2 potions of brilliance {unknown}
 t - 7 potions of curing
 z - 4 potions of lignification {unknown}
 D - 4 potions of heal wounds {unknown}
 E - 4 potions of flight {unknown}
 G - a potion of might {unknown}
 H - 4 potions of berserk rage {unknown}
 J - a potion of invisibility {unknown}
 T - 3 potions of haste {unknown}
 U - 2 potions of magic {unknown}
 W - a potion of ambrosia {unknown}
 Y - a potion of resistance
Books
 p - a book of Geomancy

   Spells                             Type                      Level
   a - Sandblast                      Earth                        1
   b - Passwall                       Transmutation/Earth          2
   c - Stone Arrow                    Conjuration/Earth            3
   d - Petrify                        Transmutation/Earth          4
   e - Lee's Rapid Deconstruction     Earth                        5
Comestibles
 c - 8 bread rations
 d - 2 beef jerkies
 k - a slice of pizza
 I - 8 meat rations
 N - 5 fruits
 Q - a royal jelly
 V - 6 chunks of flesh


   Skills:
 * Level 12.1 Fighting
 * Level 15.8 Maces & Flails
 * Level 10.2 Armour
 + Level 7.3 Dodging
 - Level 1.5 Stealth
 * Level 2.3 Shields
 + Level 0.2 Invocations


You had 11 spell levels left.
You didn't know any spells.

Dungeon Overview and Level Annotations

Branches:
Dungeon (11/15)            Temple (0/1) D:7            Lair (2/6) D:11
 Spider (1/4) Lair:2          Orc (0/2) D:11
  Swamp: Lair:2-4    Shoals: Lair:2-4

Altars:
Ashenzari
Elyvilon
Kikubaaqudgha
Nemelex Xobeh
Okawaru
Xom
Zin


Innate Abilities, Weirdness & Mutations

You reflexively headbutt those who attack you in melee.
You have a pair of horns on your head.


Message History

You furiously retaliate!
You headbutt the redback, but do no damage.
The tarantella moves out of view.
The redback bites you!
* * * LOW HITPOINT WARNING * * *
The jumping spider pounces on you but does no damage.
The jumping spider barely misses you.
A tarantella comes into view.
You can now deal lightning-fast blows.
The tarantella hisses angrily.
The redback bites you!
* * * LOW HITPOINT WARNING * * *
The redback bites you!
* * * LOW HITPOINT WARNING * * *
The redback bites you!
* * * LOW HITPOINT WARNING * * *
You are lethally poisoned!
The redback poisons you! The jumping spider pounces on you.
* * * LOW HITPOINT WARNING * * *
The jumping spider bites you.
You die... ##### #...# #...# #sas#

#.@.#
#s.s#
###.#
..
...
.s..
s...#
s....


You could see an entropy weaver, a jumping spider, a tarantella and 5 redbacks.

Vanquished Creatures
  Gastronok (Lair:1)
  Josephine (D:11)
  2 two-headed ogres (D:11)
  A queen ant (Lair:2)
  A manticore (D:11)
  Psyche (D:9)
  A centaur zombie (D:11)
  Joseph (Lair:1)
  A spiny frog (Lair:1)
  A freezing wraith (D:11)
  A komodo dragon (Lair:2)
  2 jumping spiders (Lair:2)
  3 hippogriffs
  A redback (Lair:2)
  A shadow (D:11)
  6 yaks (D:10)
  3 wraiths (D:11)
  A hungry ghost (D:11)
  A steam dragon (D:11)
  3 wargs (D:11)
  4 soldier ants (Lair:2)
  3 water moccasins
  Duvessa (D:4)
  2 porcupines
  6 orc warriors
  4 black bears
  2 necrophages
  A sky beast (D:7)
  3 phantoms
  8 ogres
  3 centaurs
  8 crocodiles
  2 big kobolds
  5 bullfrogs
  A water moccasin zombie (D:8)
  Dowan (D:4)
  3 scorpions
  2 electric eels (D:9)
  4 wights (D:11)
  3 vampire bats (D:4)
  A crimson imp (D:6)
  A quasit (D:8)
  2 bullfrog zombies
  2 jellies
  2 centaur skeletons
  Crazy Yiuf (D:3)
  10 orc priests
  6 hounds
  11 orc wizards
  Natasha (thrice) (D:3)
  3 bullfrog skeletons
  An iguana (D:9)
  27 worker ants
  A hound skeleton (D:5)
  2 worker ant zombies
  16 adders
  3 shadow imps (D:5)
  2 oozes (D:1)
  3 adder skeletons
  3 worms (D:3)
  4 dart slugs
  7 leopard geckos
  68 orcs
  3 ball pythons
  16 bats
  3 bat skeletons (D:4)
  3 bat zombies (D:4)
  8 giant cockroaches
  2 goblins
  5 hobgoblins
  4 jackals (D:3)
  3 quokkas
  4 frilled lizards
  11 kobolds
  A quokka skeleton (D:5)
  4 rats
  A fungus (Lair:2)
346 creatures vanquished.

Notes
Turn   | Place    | Note
-------+----------+-------------------------------------------
     0 | D:1      | xodi the Minotaur Monk began the quest for the Orb.
     0 | D:1      | Reached XP level 1. HP: 19/19 MP: 0/0
   154 | D:1      | Reached XP level 2. HP: 27/27 MP: 1/1
   209 | D:1      | Reached skill level 4 in Maces & Flails
   398 | D:1      | Reached skill level 1 in Armour
   398 | D:1      | Reached XP level 3. HP: 26/33 MP: 2/2
  1010 | D:2      | Reached XP level 4. HP: 40/40 MP: 3/3
  1492 | D:2      | Reached skill level 5 in Maces & Flails
  1846 | D:3      | Found a shattered altar of Ashenzari.
  2515 | D:3      | Found a runed door.
  2642 | D:3      | Noticed Natasha
  2653 | D:3      | Killed Natasha
  2653 | D:3      | Reached XP level 5. HP: 8/47 MP: 4/4
  3049 | D:3      | Noticed Natasha
  3060 | D:3      | Killed Natasha
  3068 | D:3      | Noticed Natasha
  3074 | D:3      | Killed Natasha
  3074 | D:3      | Reached skill level 6 in Maces & Flails
  3308 | D:3      | Noticed Crazy Yiuf
  3316 | D:3      | Killed Crazy Yiuf
  3487 | D:4      | Noticed an ogre
  3491 | D:4      | Killed an ogre
  3491 | D:4      | Reached skill level 5 in Fighting
  3491 | D:4      | Reached XP level 6. HP: 50/56 MP: 5/5
  3528 | D:4      | Got a pair of ancient gloves
  3534 | D:4      | Identified the +1 pair of gloves of Beogh's Pride {rElec rPois Str+7} (You found it on level 4 of the Dungeon)
  3569 | D:4      | Reached skill level 7 in Maces & Flails
  3659 | D:4      | Found an ancient bone altar of Kikubaaqudgha.
  3664 | D:4      | Reached XP level 7. HP: 59/61 MP: 6/6
  3880 | D:4      | Noticed Duvessa
  3880 | D:4      | Noticed Dowan
  3899 | D:4      | Killed Duvessa
  3904 | D:4      | Killed Dowan
  4160 | D:4      | Reached skill level 8 in Maces & Flails
  4244 | D:5      | Entered Level 5 of the Dungeon
  4481 | D:5      | Reached XP level 8. HP: 64/70 MP: 7/7
  4484 | D:5      | Reached skill level 5 in Armour
  4548 | D:5      | Found a glowing drain.
  4560 | Sewer    | Entered a sewer
  4592 | Sewer    | Reached skill level 9 in Maces & Flails
  4648 | D:5      | Found a shimmering altar of Xom.
  4941 | D:5      | Found an iron altar of Okawaru.
  4949 | D:5      | Became a worshipper of Warmaster Okawaru
  4949 | D:5      | Reached * piety under Okawaru
  4949 | D:5      | Reached ** piety under Okawaru
  5516 | D:6      | Reached skill level 10 in Maces & Flails
  5738 | D:6      | Found a glowing silver altar of Zin.
  5846 | D:6      | Reached skill level 5 in Dodging
  5853 | D:6      | Reached XP level 9. HP: 79/79 MP: 8/8
  5992 | D:6      | Reached skill level 11 in Maces & Flails
  6093 | D:6      | Reached *** piety under Okawaru
  6514 | D:7      | Found a staircase to the Ecumenical Temple.
  6521 | D:7      | Received a gift from Okawaru
  6632 | D:7      | Found a sparkling altar of Nemelex Xobeh.
  6632 | D:7      | Found a white marble altar of Elyvilon.
  6756 | D:8      | Reached skill level 12 in Maces & Flails
  7353 | D:9      | Noticed Psyche
  7662 | D:9      | Reached XP level 10. HP: 88/90 MP: 9/9
  7686 | D:9      | Reached **** piety under Okawaru
  8180 | D:9      | Killed Psyche
  8180 | D:9      | Reached skill level 13 in Maces & Flails
  8297 | D:10     | Entered Level 10 of the Dungeon
  8873 | D:11     | Noticed a two-headed ogre
  8876 | D:11     | Noticed a two-headed ogre
  8884 | D:11     | Killed a two-headed ogre
  8884 | D:11     | Reached ***** piety under Okawaru
  8892 | D:11     | Killed a two-headed ogre
  8892 | D:11     | Reached skill level 10 in Fighting
  8892 | D:11     | Reached skill level 14 in Maces & Flails
  8892 | D:11     | Reached XP level 11. HP: 33/99 MP: 10/10
  9387 | D:11     | Noticed Josephine
  9395 | D:11     | Killed Josephine
  9459 | D:11     | Found a staircase to the Lair.
  9542 | D:11     | Received a gift from Okawaru
  9607 | Lair:1   | Entered Level 1 of the Lair of Beasts
  9705 | D:11     | Found a staircase to the Orcish Mines.
 10179 | Lair:1   | Noticed Joseph
 10189 | Lair:1   | Killed Joseph
 10189 | Lair:1   | Reached skill level 15 in Maces & Flails
 10254 | Lair:1   | Reached ****** piety under Okawaru
 10255 | Lair:1   | Noticed Gastronok
 10292 | Lair:1   | Killed Gastronok
 10292 | Lair:1   | Received a gift from Okawaru
 10481 | Lair:1   | Reached skill level 10 in Armour
 11123 | Lair:2   | Noticed a queen ant
 11203 | Lair:2   | Reached skill level 1 in Shields
 11219 | Lair:2   | Reached XP level 12. HP: 112/112 MP: 11/11
 11231 | Lair:2   | Killed a queen ant
 11375 | Lair:2   | Found a hole to the Spider Nest.
 11563 | Spider:1 | Entered Level 1 of the Spider Nest
 11563 | Spider:1 | Noticed an entropy weaver
 11568 | Spider:1 | HP: 2/112 [jumping spider (5)]
 11568 | Spider:1 | Slain by a jumping spider

Vault maps used:
D:1:      dpeg_arrival_rooms_c, serial_glass, glass_columns_a, glass_columns_a,
          glass_columns_b, glass_columns_b, minmay_tiny_reverse_x
D:2:      first_bread
D:3:      cheibrodos_ashenzari_chains, uniq_natasha, uniq_crazy_yiuf_cottage
D:4:      minmay_opposing_rooms, kennysheep_vampire_church, uniq_duvessa
D:5:      okawaru_ov_weapons_minmay, basic_altar, portal_sewer_entry_f,
          grunt_ministairs_1
D:6:      zin_academy
D:7:      gammafunk_temple_overflow_elements
D:9:      uniq_psyche
D:11:     erik_lair_orcish_takeover, hiddenorc1_lemuel, uniq_josephine
Lair:1:   lemuel_fruit_fields, uniq_gastronok, uniq_joseph
Lair:2:   spider_nest_entry_funnel_web, serial_bayou_pond_a, zaba_antful_of_joy
Sewer:    sewer_big_baddie

Skill      XL: |  1  2  3  4  5  6  7  8  9 10 11 12 |
---------------+-------------------------------------+-----
Maces & Flails | 4 5 6 7 8 10 12 14 15 | 15.8
Fighting       | 4 5 6 7 8 10 11 12 | 12.1
Armour         | 1 2 3 4 6 7 9 10 | 10.2
Dodging        | 4 5 6 7 |  7.3
Shields        | 1 2 |  2.3
Stealth        | |  1.5
Invocations    | |  0.2

Action                   |  1- 3 |  4- 6 |  7- 9 | 10-12 || total
-------------------------+-------+-------+-------+-------++-------
Melee: Mace              |    71 |   132 |   342 |   191 ||   736
       Headbutt          |     8 |    24 |    75 |   119 ||   226
       Demon whip        |       |       |       |   184 ||   184
       Morningstar       |       |       |       |    74 ||    74
Invok: Heroism           |       |       |       |     2 ||     2
       Finesse           |       |       |       |     1 ||     1
  Use: Potion            |     2 |       |       |     1 ||     3
       Scroll            |       |     4 |       |     5 ||     9
 Stab: Sleeping          |     2 |     3 |       |       ||     5
  Eat: Chunk             |       |     8 |    13 |    12 ||    33
       Bread ration      |       |       |       |     1 ||     1
Armor: Robe              |    13 |    15 |       |       ||    28
       Ring mail         |       |    30 |   135 |       ||   165
       Scale mail        |       |       |     2 |   169 ||   171
Dodge: Dodged            |    65 |    79 |   248 |   240 ||   632
Block: Buckler           |       |       |       |    12 ||    12
